 Dungeon Crawl Stone Soup version 0.32-a0-913-g739538afd8 (webtiles) character file.

Game seed: 18438090271328012301

31353 Autsider the Frost Mage (level 13, 0/98 HPs)
             Began as a Merfolk Ice Elementalist on Apr 7, 2024.
             Was a High Priest of Sif Muna.
             Slain by a cane toad (17 damage)
             ... on level 4 of the Lair of Beasts.
             The game lasted 01:09:43 (15925 turns).

Autsider the Frost Mage (Merfolk Ice Elementalist) Turns: 15925, Time: 01:09:44

Health: 0/98       AC: 14    Str:  8    XL:     13   Next: 57%
Magic:  19/25      EV: 12    Int: 18    God:    Sif Muna [*****.]
Gold:   999        SH:  7    Dex: 16    Spells: 13/29 levels left

rFire   + . .        J - +0 trident (venom)
rCold   . . .        U - +2 buckler
rNeg    . . .        i - +0 troll leather armour
rPois   .            y - +1 hat
rElec   .            g - scarf {+Inv}
rCorr   .            p - +0 pair of gloves
SInv    .            K - +0 pair of boots
Will    .....        F - amulet of magic regeneration
Stlth   ++           v - ring of protection from fire
HPRegen 1.16/turn    P - ring of flight
MPRegen 0.59/turn

%: no passive effects
@: lethally poisoned (0 -> -20), ice-armoured, flying
A: (nimble swimmer 2), mertail
a: Renounce Religion, Evoke Invisibility, Channel Magic, Forget Spell, Divine
Exegesis


You were on level 4 of the Lair of Beasts.
You worshipped Sif Muna.
Sif Muna was extremely pleased with you.
You visited 2 branches of the dungeon, and saw 14 of its levels.

You collected 999 gold pieces.

Inventory:

Hand Weapons
 o - a +1 short sword of venom
 t - a +1 flail of protection
 w - a +3 spear of venom
 J - a +0 trident of venom (weapon)
 N - a +5 long sword of holy wrath
Missiles
 r - 4 throwing nets
 O - 6 javelins (quivered)
Armour
 g - a scarf of invisibility (worn)
 i - a +0 troll leather armour (worn)
 p - a +0 pair of gloves (worn)
 y - a +1 hat (worn)
 A - +0 steam dragon scales
 C - a +0 kite shield
 K - a +0 pair of boots (worn)
 U - a +2 buckler (worn)
Magical Staves
 q - a staff of air
Jewellery
 v - a ring of protection from fire (left hand)
 F - an amulet of magic regeneration (around neck)
 P - a ring of flight (right hand)
Wands
 s - a wand of quicksilver (10)
 u - a wand of charming (6)
 x - a wand of digging (11)
 B - a wand of iceblast (15)
 S - a wand of flame (7)
Scrolls
 a - 2 scrolls of teleportation {@r2}
 c - 3 scrolls of identify {@r1}
 k - 3 scrolls of amnesia
 l - 2 scrolls of fog
 D - a scroll of blinking
 L - a scroll of enchant weapon
 M - a scroll of revelation {unknown}
 R - a scroll of butterflies {unknown}
 T - a scroll of silence {unknown}
Potions
 b - a potion of magic
 d - a potion of cancellation
 e - 2 potions of lignification
 f - 2 potions of degeneration {unknown}
 h - a potion of heal wounds {unknown}
 j - 5 potions of mutation
 m - 2 potions of brilliance
 n - 4 potions of invisibility
 z - 2 potions of attraction
 E - 2 potions of enlightenment {unknown}
 G - a potion of curing {unknown}
 H - a potion of berserk rage {unknown}
 I - a potion of resistance {unknown}
 Q - a potion of haste {unknown}


   Skills:
 - Level 8.0 Fighting
 - Level 6.3 Polearms
 + Level 5.2 Armour
 + Level 6.2 Dodging
 - Level 4.0 Stealth
 + Level 4.1 Shields
 + Level 8.8 Spellcasting
 - Level 4.0 Conjurations
 - Level 3.0 Summonings
 + Level 13.8 Ice Magic
 - Level 4.0 Air Magic
 + Level 4.1 Alchemy
 - Level 8.0 Invocations


You had 13 spell levels left.
You knew the following spells:

 Your Spells              Type           Power      Damage    Failure   Level
a - Mercury Vapours       Alch/Air       44%        N/A       5%          2
b - Frozen Ramparts       Ice            100%       1d16      1%          3
c - Ozocubu's Armour      Ice            55%        N/A       1%          3
d - Summon Ice Beast      Ice/Summ       38%        N/A       1%          3
w - Freezing Cloud        Conj/Ice/Air   17%        6-21      26%         5

Your spell library contained the following spells:

 Spells                   Type           Power      Damage    Failure   Level
 Freeze                   Ice            100%       1d10      1%          1
 Cigotuvi's Dreadful Rot  Necr/Alch/Air  34%        N/A       10%         2
 Mephitic Cloud           Conj/Alch/Air  22%        N/A       11%         3
 Sandblast                Erth           14%        2d6       19%         1
 Stone Arrow              Conj/Erth      30%        3d8       26%         3
 Sublimation of Blood     Necr           7%         N/A       28%         2
 Fulminant Prism          Conj/Alch      11%        3d8       34%         4
 Fugue of the Fallen      Necr           7%         N/A       50%         3
 Brom's Barrelling Bould  Conj/Erth      15%        2d4       63%         4
 Leda's Liquefaction      Alch/Erth      7%         N/A       63%         4
 Petrify                  Alch/Erth      15%        N/A       63%         4
 Sticky Flame             Fire/Alch      15%        2d5       63%         4
 Alistair's Intoxication  Alch           14%        N/A       67%         5
 Irradiate                Conj/Alch      11%        3d15      69%         5
 Iskenderun's Battlesphe  Conj           22%        2d8       71%         5
 Passage of Golubria      Tloc           7%         N/A       88%         4
 Silence                  Hex/Air        7%         N/A       93%         5
 Eringya's Noxious Bog    Alch           11%        4d6       99%         6
 Bombard                  Conj/Erth      7%         9d2       100%        6
 Manifold Assault         Tloc           3%         N/A       100%        7
 Spellforged Servitor     Conj/Summ      10%        N/A       100%        7
 Lehudib's Crystal Spear  Conj/Erth      7%         10d3      100%        8


Dungeon Overview and Level Annotations

Branches:
Dungeon (10/15)            Temple (0/1) D:4            Lair (4/5) D:9
 Shoals (0/4) Lair:2        Snake (0/4) Lair:2
  Slime: Lair:4-5       Orc: D:9-12

Altars:
Cheibriados
Dithmenos
Gozag
Makhleb
Nemelex Xobeh
Okawaru
Qazlal
Ru
Sif Muna
Uskayaw
Vehumet
Wu Jian
Zin
The Shining One

Annotations:
D:3 exclusion: downstairs
D:5 2 transporters, exclusions: downstairs and upstairs, wilfster70's ghost, novice DsBe
D:9 2 transporters, MoonlitKnight's ghost, novice CoHu
D:10 Erolcha
Lair:1 Fannar


Innate Abilities, Weirdness & Mutations

((You are very nimble when in or above water. (Stealth+, EV+, Speed+++)))
Your lower body shifts to a powerful aquatic tail in water.


Message History

The black mamba bites you.
Reach: J) +0 trident (venom)
Press: ? - help, Dir - move target, f/p - black mamba
Aim: a black mamba (severely wounded, slow, ally target, about 49% to evade your +0 trident of venom)
You barely miss the black mamba.
The black mamba is severely wounded.
You feel sick.
The black mamba is no longer moving slowly.
The black mamba bites you.
* * * LOW HITPOINT WARNING * * *
You are more poisoned.
The black mamba poisons you!
Your ice beast barely misses the black mamba.
Reach: J) +0 trident (venom)
Press: ? - help, Dir - move target, f/p - black mamba
Aim: a black mamba (severely wounded, ally target, about 49% to evade your +0 trident of venom)
You puncture the black mamba!
The black mamba is almost dead.
You feel extremely sick. The black mamba bites you!
* * * LOW HITPOINT WARNING * * *
You are more poisoned.
The black mamba poisons you! The cane toad stings you!!
* * * LOW HITPOINT WARNING * * *
The black mamba bites you but does no damage.
Your ice beast hits the black mamba.
Your ice beast freezes the black mamba!
The black mamba seems to slow down.
The black mamba dies!
Sif Muna accepts your kill.
Training target 4.0 for Air Magic reached!
Training target 4.0 for Conjurations reached!
Your Conjurations skill increases to level 4!
Your Air Magic skill increases to level 4!
Okay, then.
As you read the scroll of identify {@r1}, it crumbles to dust.
n - 4 potions of invisibility
* * * LOW HITPOINT WARNING * * *
You feel extremely sick. The cane toad closely misses you.
The cane toad stings you!
You die...

#########
........##
.........#
#...§.@#
...§°§YF#
#..§○°..#
##.☼○§.##
#...##
#... ##P
##


You could see a cane toad (ally target) and a friendly ice beast (summoned).

Vanquished Creatures
  A hydra (Lair:3)
  Erica (D:9)
  2 boulder beetles
  Urug (Lair:1)
  Pikel (D:6)
  2 lindwurms (Lair:3)
  A deep elf pyromancer (D:9)
  A manticore (D:9)
  A slime creature (D:10)
  Joseph (D:8)
  2 black mambas
  5 cane toads
  3 rime drakes
  4 komodo dragons
  A troll (D:8)
  A polar bear (Lair:1)
  Grinder (D:6)
  4 hornets
  10 blink frogs
  4 dream sheep (Lair:3)
  26 yaks
  6 wyverns
  8 spriggans (Lair:3)
  2 basilisks
  Edmund (D:4)
  A naga (Lair:2)
  Duvessa (D:4)
  8 water moccasins
  2 black bears
  2 orc warriors (D:8)
  A sky beast (D:7)
  An ogre (D:4)
  5 wolves
  3 boggarts (Lair:3)
  2 lemures (D:6)
  3 centaurs
  A kobold brigand (D:8)
  2 phantoms
  14 bullfrogs
  A gnoll sergeant (D:8)
  Dowan (D:4)
  10 killer bees
  4 orc priests
  3 jellies
  An iron imp (D:7)
  3 iguanas
  Natasha (twice) (D:4)
  5 orc wizards
  Robin (D:4)
  10 gnolls
  5 adders
  2 shadow imps (D:7)
  A white imp (D:6)
  3 dart slugs
  2 ribbon worms
  21 orcs
  4 bats
  5 endoplasms
  5 giant cockroaches
  15 goblins
  9 hobgoblins
  4 jackals (D:2)
  4 quokkas
  7 ball pythons
  7 frilled lizards
  15 kobolds
  3 rats
289 creatures vanquished.

Vanquished Creatures (collateral kills)
  A lindwurm (Lair:3)
  A merfolk siren (Lair:2)
  A black mamba (Lair:4)
  4 cane toads
  2 blink frogs
  3 dream sheep (Lair:3)
  4 spriggans (Lair:3)
  9 yaks
  2 wyverns
  2 basilisks
  A steam dragon (D:8)
  3 water moccasins (Lair:3)
  2 black bears
  A wolf (Lair:3)
  A kobold brigand (D:9)
  A gnoll sergeant (D:8)
  3 bullfrogs
  2 killer bees (D:9)
  An iguana (D:9)
  An orc wizard (D:8)
  3 gnolls (D:8)
  An orc (D:8)
  5 kobolds
54 creatures vanquished.

Grand Total: 343 creatures vanquished

Notes
Turn   | Place    | Note
-------+----------+-------------------------------------------
     0 | D:1      | Autsider the Merfolk Ice Elementalist began the quest for
                  | the Orb.
     0 | D:1      | Reached XP level 1. HP: 13/13 MP: 3/3
   170 | D:1      | Reached XP level 2. HP: 8/20 MP: 1/5
   250 | D:1      | Reached skill level 1 in Fighting
   669 | D:1      | Reached XP level 3. HP: 26/26 MP: 3/6
   674 | D:1      | Learned a level 3 spell: Frozen Ramparts
   739 | D:1      | Found a faded altar of an unknown god.
  2320 | D:2      | Reached XP level 4. HP: 33/33 MP: 3/7
  2636 | D:3      | Reached skill level 5 in Ice Magic
  2875 | D:3      | Learned a level 3 spell: Ozocubu's Armour
  3000 | D:3      | Found a shadowy altar of Dithmenos.
  3199 | D:4      | Reached XP level 5. HP: 39/39 MP: 5/9
  3236 | D:4      | Found a shimmering blue altar of Sif Muna.
  3262 | D:4      | Noticed a black bear
  3281 | D:4      | Killed a black bear
  3282 | D:4      | Reached skill level 1 in Armour
  3282 | D:4      | Reached XP level 6. HP: 45/46 MP: 1/10
  3303 | D:4      | Became a worshipper of Sif Muna the Loreminder
  3542 | D:4      | Noticed Natasha
  3784 | D:4      | Noticed Dowan
  3789 | D:4      | Noticed Duvessa
  3839 | D:4      | Killed Natasha
  3840 | D:4      | Reached XP level 7. HP: 52/52 MP: 5/12
  3927 | D:4      | Found a hide-covered altar of Uskayaw.
  3927 | D:4      | Noticed a +0 falchion
  3927 | D:4      | Noticed a +0 dagger
  3928 | D:4      | Noticed a +0 falchion
  3929 | D:4      | Noticed a +0 short sword
  3929 | D:4      | Noticed a +0 dagger
  3930 | D:4      | Noticed a +0 short sword
  3931 | D:4      | Noticed a +0 spear
  3931 | D:4      | Noticed a +0 spear
  3991 | D:4      | Noticed Edmund
  3996 | D:4      | Learned a level 3 spell: Summon Ice Beast
  4009 | D:4      | Killed Edmund
  4188 | D:4      | Found a staircase to the Ecumenical Temple.
  4202 | D:4      | Noticed Robin
  4209 | D:4      | Reached skill level 1 in Summonings
  4213 | D:4      | Reached * piety under Sif Muna
  4217 | D:4      | Killed Robin
  4220 | D:4      | Reached skill level 5 in Dodging
  4220 | D:4      | Reached skill level 6 in Ice Magic
  4468 | D:4      | Found an opulent altar of Gozag.
  4615 | D:4      | Noticed Natasha
  4623 | D:4      | Killed Natasha
  4786 | D:5      | Entered Level 5 of the Dungeon
  4794 | D:5      | Reached XP level 8. HP: 61/61 MP: 8/14
  4929 | D:5      | Found a transporter.
  4949 | D:5      | Found a transporter.
  5098 | D:5      | Noticed wilfster70's ghost (novice DsBe)
  5262 | D:5      | Reached ** piety under Sif Muna
  5270 | D:5      | Reached skill level 5 in Fighting
  5476 | D:6      | Noticed Grinder
  5738 | D:6      | Paralysed by Grinder for 4 turns
  5763 | D:6      | Paralysed by Grinder for 3 turns
  5767 | D:6      | Killed Grinder
  5854 | D:6      | Found a radiant altar of Vehumet.
  6091 | D:6      | Noticed Pikel
  6121 | D:6      | Killed Pikel
  6122 | D:6      | Reached skill level 7 in Ice Magic
  6122 | D:6      | Reached XP level 9. HP: 67/69 MP: 4/15
  6281 | D:6      | Found an iron altar of Okawaru.
  6725 | D:4      | Killed Dowan
  6729 | D:4      | Killed Duvessa
  6937 | D:7      | Reached skill level 8 in Ice Magic
  6992 | D:7      | Reached skill level 1 in Invocations
  7286 | D:7      | Found a burning altar of Makhleb.
  7339 | D:7      | Found a stormy altar of Qazlal.
  7652 | D:7      | Upgraded the game from 0.32-a0-909-gc671339a80 to
                  | 0.32-a0-913-g739538afd8
  7995 | D:8      | Noticed Joseph
  8003 | D:8      | Killed Joseph
  8004 | D:8      | Reached XP level 10. HP: 68/77 MP: 2/16
  8219 | D:8      | Found a sparkling altar of Nemelex Xobeh.
  8261 | D:8      | Found a snail-covered altar of Cheibriados.
  8649 | D:8      | Found a glowing silver altar of Zin.
  8769 | D:8      | Reached skill level 5 in Spellcasting
  9212 | D:9      | Reached skill level 9 in Ice Magic
  9229 | D:9      | Noticed a deep elf pyromancer
  9237 | D:9      | Killed a deep elf pyromancer
  9238 | D:9      | Reached skill level 5 in Invocations
  9398 | D:9      | Found a sacrificial altar of Ru.
  9485 | D:9      | Reached *** piety under Sif Muna
  9533 | D:9      | Found a staircase to the Lair.
  9545 | D:9      | Noticed a manticore
  9572 | D:9      | Killed a manticore
  9732 | D:9      | Reached skill level 10 in Ice Magic
  9749 | D:9      | Reached XP level 11. HP: 53/86 MP: 9/19
  9879 | D:9      | Noticed a boulder beetle
 10374 | D:9      | Noticed an eight-headed hydra
 10385 | D:9      | Noticed MoonlitKnight's ghost (novice CoHu)
 10396 | D:9      | Found a transporter.
 10416 | D:9      | Found a transporter.
 10417 | D:9      | Noticed a moth of wrath
 10486 | D:9      | Found a glowing golden altar of the Shining One.
 10497 | D:9      | Noticed Erica
 10510 | D:9      | Killed Erica
 10511 | D:9      | Reached skill level 1 in Conjurations
 10511 | D:9      | Reached skill level 11 in Ice Magic
 10578 | D:9      | Reached skill level 1 in Air Magic
 11023 | D:9      | Learned a level 5 spell: Freezing Cloud
 11193 | D:10     | Entered Level 10 of the Dungeon
 11278 | D:10     | Noticed Erolcha
 11390 | D:9      | Killed a boulder beetle
 11473 | Lair:1   | Entered Level 1 of the Lair of Beasts
 11875 | Lair:1   | Reached **** piety under Sif Muna
 11924 | Lair:1   | Reached skill level 12 in Ice Magic
 12019 | Lair:1   | Noticed Fannar
 12154 | Lair:1   | Noticed Urug
 12253 | Lair:1   | Reached XP level 12. HP: 51/92 MP: 14/22
 12423 | Lair:2   | Noticed a boulder beetle
 12463 | Lair:2   | Killed a boulder beetle
 12488 | Lair:2   | Found an ornate altar of the Wu Jian Council.
 12491 | Lair:2   | Found a hide-covered altar of Uskayaw.
 12621 | Lair:2   | Reached skill level 13 in Ice Magic
 12808 | Lair:2   | Found a staircase to the Snake Pit.
 12856 | Lair:2   | Reached skill level 1 in Shields
 12997 | Lair:2   | Found a staircase to the Shoals.
 13720 | Lair:1   | Killed Urug
 14259 | Lair:3   | Reached skill level 1 in Alchemy
 14266 | Lair:3   | Reached skill level 5 in Polearms
 14302 | Lair:3   | Learned a level 2 spell: Mercury Vapours
 14412 | Lair:3   | Reached ***** piety under Sif Muna
 14413 | Lair:3   | Reached XP level 13. HP: 88/98 MP: 23/25
 14761 | Lair:3   | Reached skill level 5 in Armour
 15420 | Lair:3   | Received a gift from Sif Muna
 15421 | Lair:3   | Got Sif Muna's Elucidation of Iosis {god gift}
 15925 | Lair:4   | Slain by a cane toad

Illustrated notes

Levels and vault maps discovered:
D:1:      dpeg_arrival_simpleton_c, layout_basic,
          shapermc_ecumenical_altar_notcrosses, st_stairs_6,
          hangedman_decor_opposing
D:2:      layout_basic
D:3:      layout_rooms, nicolae_dithmenos_shadow_blocks
D:4:      layout_loops_ring, nicolae_gozag_cash_rules_everything_around_me,
          nicolae_uskayaw_en_pointe, mainiacjoe_overflow_brackets,
          minmay_temple_entry_from_below_a, uniq_edmund, uniq_natasha,
          uniq_robin, uniq_duvessa
D:5:      layout_basic, gammafunk_ghost_abyssal_escape
D:6:      layout_basic, okawaru_metal_pillars_3, nicolae_overflow_crystal_walls,
          minmay_misc_feat_pillars, uniq_grinder, uniq_pikel
D:7:      layout_basic, nicolae_qazlal_beasts_of_the_sky, demons_altar
D:8:      layout_loops_ring, kennysheep_slug_shrine,
          mainiacjoe_overflow_concentric_impassable,
          nemelex_xobeh_ov_fountains_minmay, uniq_joseph
D:9:      layout_basic, tso_metal_star, lemuel_tele_altar,
          minmay_lair_entry_grove, gammafunk_ghost_berserking_beasts, uniq_erica
D:10:     layout_loops_corners, david_orc_3, uniq_erolcha
Lair:1:   layout_small_grid, uniq_fannar, uniq_urug
Lair:2:   layout_chaotic_city, minmay_shoals_entry_lonely_mermaid,
          minmay_snake_entry_guardpost_small, nzn_masters_of_martial_movement,
          infiniplex_staircase_pool_2
Lair:3:   kb_forest_paths, layout_loops_ring, minivault_19,
          nicolae_lair_lindhole
Lair:4:   layout_cave_pods, dpeg_slime_entry_enclosed, beast_lair_carwin_3,
          grunt_megastairs_5, lemuel_fruit_tree

Skill      XL: |  1  2  3  4  5  6  7  8  9 10 11 12 13 |
---------------+----------------------------------------+-----
Fighting       | 1 2 3 4 6 8 |  8.0
Dodging        | 3 4 5 6 |  6.2
Ice Magic      | 5 6 7 8 10 12 13 | 13.8
Armour         | 1 2 4 5 |  5.2
Spellcasting   | 3 4 5 7 8 |  8.8
Summonings     | 2 3 |  3.0
Polearms       | 4 5 6 |  6.3
Invocations    | 3 5 7 8 |  8.0
Stealth        | 4 |  4.0
Conjurations   | 2 3 4 |  4.0
Air Magic      | 2 3 4 |  4.0
Shields        | 2 4 |  4.1
Alchemy        | 1 4 |  4.1

Action                     |  1- 3 |  4- 6 |  7- 9 | 10-12 | 13-15 || total
---------------------------+-------+-------+-------+-------+-------++-------
  Melee: Club              |    25 |       |       |       |       ||    25
         Unarmed           |     6 |       |       |       |       ||     6
         Short sword       |       |    72 |    47 |       |       ||   119
         Spear             |       |       |   137 |   249 |       ||   386
         Tailslap          |       |       |       |     6 |       ||     6
         Trident           |       |       |       |    45 |   164 ||   209
  Throw: Javelin           |       |       |       |       |     1 ||     1
   Cast: Freeze            |    31 |     8 |     2 |       |       ||    41
         Frozen Ramparts   |    18 |    17 |    41 |    70 |     3 ||   149
         Ozocubu's Armour  |       |     5 |    17 |    27 |    14 ||    63
         Summon Ice Beast  |       |       |     8 |    58 |    22 ||    88
         Mercury Vapours   |       |       |       |       |    43 ||    43
         Freezing Cloud    |       |       |       |       |     2 ||     2
    Use: Scroll            |       |       |    13 |     1 |     1 ||    15
         Potion            |       |       |       |     1 |       ||     1
   Stab: Sleeping          |     1 |       |       |     2 |     1 ||     4
         Distracted        |       |       |       |     2 |     4 ||     6
 Armour: Robe              |    16 |       |       |       |       ||    16
         Troll leather arm |     7 |    47 |   135 |   221 |   120 ||   530
  Dodge: Dodged            |    32 |    35 |   109 |   194 |    81 ||   451
  Block: Buckler           |       |       |       |       |    20 ||    20

Table legend: (Time is in decaauts)
 A = Elapsed time spent in this place.
 B = Non-inter-level travel time spent in this place.
 C = Inter-level travel time spent in this place.
 D = Time resting spent in this place.
 E = Time spent auto-exploring this place.
 F = Levels seen in this place.
 G = Mean time per level.
                   A        B        C        D        E       F      G
               +--------+--------+--------+--------+--------+-----+--------+
         Total |  15906 |  14987 |    919 |    928 |  11051 |  14 | 1136.1 |
       Dungeon |  11473 |  10669 |    804 |    493 |   8296 |  10 | 1147.3 |
          Lair |   4432 |   4317 |    115 |    435 |   2755 |   4 | 1108.0 |
               +--------+--------+--------+--------+--------+-----+--------+

Top non-repeatable levels by time:
     D:9: 2071 daAuts
  Lair:3: 1796 daAuts
     D:4: 1707 daAuts
  Lair:1: 1531 daAuts
     D:1: 1381 daAuts
     D:8: 1296 daAuts
     D:6: 1200 daAuts
     D:2: 1185 daAuts
  Lair:2: 1095 daAuts
     D:7: 1054 daAuts
     D:5: 834 daAuts
     D:3: 635 daAuts
    D:10: 107 daAuts
  Lair:4: 9 daAuts
